 Dungeon Sprint DCSS version 0.30.1 (webtiles) character file.

Game seed: 12828084818398706545

2000000 BreadTh the Axe Maniac (level 15, -12/152 HPs)
             Began as a Ghoul Fighter on July 11, 2023.
             Was a Believer of Makhleb.
             Mangled by a meat berserker
             ... wielding a +9 battleaxe
              (69 damage)
             ... in the Dungeon (Sprint VIII: "Arena of Blood").
             The game lasted 00:01:13 (20 turns).

BreadTh the Axe Maniac (Ghoul Fighter)                Turns: 20, Time: 00:01:14

Health: -12/152    AC: 10    Str: 22    XL:     15   Next: 25%
Magic:  13/23      EV: 13    Int:  3    God:    Makhleb [**....]
Gold:   0          SH:  0    Dex: 14    Spells: 14/14 levels left

rFire   . . .        j - +∞ Axe of Woe
rCold   + . .        (shield currently unavailable)
rNeg    + + +        b - +0 scale mail
rPois   ∞            (no helmet)
rElec   .            (no cloak)
rCorr   .            (no gloves)
SInv    .            (no boots)
Will    +....        (no amulet)
Stlth   +++          (no ring)
HPRegen 0.00/turn    (no ring)
MPRegen 0.18/turn

%: no teleportation
@: inhibited regen
A: claws 1, cold resistance 1, negative energy resistance 3, inhibited
regeneration, torment resistance 2, devour on kill
a: Renounce Religion, Minor Destruction


You were in the Dungeon.
You worshipped Makhleb.
Makhleb was pleased with you.
You visited 1 branch

Inventory:

Hand Weapons
 a - a +0 war axe
 j - the +∞ Axe of Woe (weapon)
   (You found it in the Dungeon)
Armour
 b - a +0 scale mail (worn)
 c - a +0 buckler
Scrolls
 i - a scroll of blinking
Potions
 d - a potion of might
 e - a potion of curing
 f - a potion of heal wounds
 g - a potion of haste
 h - 2 potions of magic


   Skills:
 * Level 19.4 Fighting
 O Level 27 Axes
 + Level 15.3 Armour
 + Level 7.1 Dodging
 + Level 9.3 Stealth
 - Level 13.3 Shields
 * Level 12.0 Invocations


You had 14 spell levels left.
You didn't know any spells.
Your spell library was empty.

Dungeon Overview and Level Annotations

Branches:
Dungeon (1/1)

Altars:
Makhleb


Innate Abilities, Weirdness & Mutations

You are immune to poison.
You have sharp fingernails.
Your flesh is cold resistant. (rC+)
You are immune to negative energy. (rN+++)
You do not regenerate when monsters are visible.
You are immune to unholy pain and torment.
You thrive by killing the living.


Message History

You feel agile. x2; You feel stronger.
Unknown command.
Unknown command.
The meat berserker appears out of thin air!
A meat berserker comes into view. It is wielding a +9 battleaxe.
The meat berserker rages.
You hear a shout! x2
A meat berserker comes into view. It is wielding a +9 battleaxe.
You hear a shout! x7
You slash the bag of meat! You chop the bag of meat into pieces.
You kill the bag of meat!
Makhleb accepts your kill.
You can now harness Makhleb's destructive might.
You feel better.
You hear a shout! x8
Your Fighting skill increases to level 19!
Your Armour skill increases to level 15!
Your Dodging skill gained 2 levels and is now at level 7!
Your Stealth skill gained 2 levels and is now at level 9!
Your Invocations skill gained 2 levels and is now at level 12!
A meat berserker, a bag of meat and a destroyer come into view.
The destroyer is wielding a +9 heavy great sword.
The meat berserker shouts!
The bag of meat shouts!
You hear a shout! x6
A bag of meat comes into view. It is wielding a +9 war axe. x2
You hear a shout!
The meat berserker rages.
You hear a shout!
A bag of meat comes into view. It is wielding a +9 war axe.
You hear a shout! x3
Things that are here:
a +9 war axe; a +30 ring of slaying; a bag of meat corpse The destroyer appears out of thin air!
A destroyer comes into view. It is wielding a +9 heavy great sword.
The destroyer shouts!
The bag of meat shouts!
You hear a shout! x5
The meat berserker rages.
A meat berserker comes into view. It is wielding a +9 battleaxe.
A bag of meat comes into view. It is wielding a +9 war axe.
You hear a shout! x5
The meat berserker hits you with a +9 battleaxe!!!
You die...

.........
ooo.....O
........V .
#.......# #..
#.......#
....###O... ..###.
.........###......
#....O@)._......
......O#.)V..#.
.......#_)<._#
o..o...#))...#
.#........_......
.........###......
....###... ..###.
.... #... o.# #...
.#


You could see 2 destroyers, 4 meat berserkers and 5 bags of meat.

Vanquished Creatures
  2 ogres (D)
  6 orcs (D)
8 creatures vanquished.

Notes
Turn   | Place    | Note
-------+----------+-------------------------------------------
     0 | D        | Found the +∞ Axe of Woe
     0 | D        | BreadTh the Ghoul Fighter began the quest for the Orb.
     0 | D        | Reached XP level 1. HP: 19/19 MP: 0/0
     1 | D        | Noticed a bag of meat
     1 | D        | Noticed a bag of meat
     1 | D        | Noticed a bag of meat
     3 | D        | Noticed a bag of meat
     5 | D        | Noticed a meat berserker
     8 | D        | Killed a bag of meat
     9 | D        | Reached skill level 15 in Fighting
     9 | D        | Reached skill level 8 in Axes
     9 | D        | Reached XP level 2. HP: 26/49 MP: 1/1
     9 | D        | Reached XP level 3. HP: 30/56 MP: 2/2
     9 | D        | Reached XP level 4. HP: 34/63 MP: 3/3
     9 | D        | Reached XP level 5. HP: 38/70 MP: 4/4
     9 | D        | Reached XP level 6. HP: 42/78 MP: 5/5
     9 | D        | Reached XP level 7. HP: 46/84 MP: 6/6
     9 | D        | Reached XP level 8. HP: 51/93 MP: 7/7
     9 | D        | Reached XP level 9. HP: 55/100 MP: 8/8
     9 | D        | Reached XP level 10. HP: 58/107 MP: 9/9
     9 | D        | Reached XP level 11. HP: 62/114 MP: 10/10
    10 | D        | Killed a bag of meat
    10 | D        | Killed a meat berserker
    11 | D        | Reached skill level 22 in Axes
    11 | D        | Reached XP level 12. HP: 73/122 MP: 11/11
    11 | D        | Reached XP level 13. HP: 77/128 MP: 12/12
    11 | D        | Became a worshipper of Makhleb the Destroyer
    12 | D        | Killed a bag of meat
    12 | D        | Killed a bag of meat
    12 | D        | Reached * piety under Makhleb
    12 | D        | Noticed a meat berserker
    13 | D        | Reached skill level 26 in Axes
    13 | D        | Reached XP level 14. HP: 52/136 MP: 13/13
    15 | D        | Killed a meat berserker
    15 | D        | Noticed a bag of meat
    15 | D        | Noticed a bag of meat
    16 | D        | Reached skill level 27 in Axes
    16 | D        | Killed a bag of meat
    16 | D        | Noticed a meat berserker
    17 | D        | Reached skill level 5 in Dodging
    17 | D        | Reached skill level 10 in Invocations
    17 | D        | Reached XP level 15. HP: 28/150 MP: 13/21
    17 | D        | Noticed a meat berserker
    18 | D        | Noticed a meat berserker
    18 | D        | Reached ** piety under Makhleb
    19 | D        | Reached skill level 15 in Armour
    19 | D        | Noticed a meat berserker
    19 | D        | Noticed a destroyer
    20 | D        | Noticed a destroyer
    20 | D        | Noticed a meat berserker
    20 | D        | Mangled by a meat berserker

Illustrated notes

Levels and vault maps discovered:
D:        meatsprint

Skill      XL: |  1  2  3  4  5  6  7  8  9 10 11 12 13 14 15 |
---------------+----------------------------------------------+-----
Fighting       | 15 18 19 | 19.4
Axes           | 8 22 26 27 | 27.0
Armour         | 13 14 15 | 15.3
Shields        | 13 | 13.3
Dodging        | 5 7 |  7.1
Stealth        | 7 9 |  9.3
Invocations    | 10 12 | 12.0

Action                     |  1- 3 |  4- 6 |  7- 9 | 10-12 | 13-15 || total
---------------------------+-------+-------+-------+-------+-------++-------
  Melee: Executioner's axe |     1 |       |       |     1 |     4 ||     6
